 Dungeon Crawl Stone Soup version 0.31.0-11-ge490571c62 (webtiles) character file.

Game seed: 7483040581248018918

331252 Armakuni the Master Archer (level 20, -8/128 HPs)
             Began as a Deep Elf Monk on Feb 3, 2024.
             Was a Believer of Elyvilon.
             Shot with an arrow by a deep elf master archer (20 damage)
             ... on level 3 of the Elven Halls.
             The game lasted 02:55:37 (44102 turns).

Armakuni the Master Archer (Deep Elf Monk)         Turns: 44102, Time: 02:55:38

Health: -8/128     AC: 10    Str:  4    XL:     20   Next: 87%
Magic:  28/36      EV: 25    Int: 21    God:    Elyvilon [**....]
Gold:   1431       SH:  5    Dex: 29    Spells: 6/29 levels left

rFire   + + .        a - +3 longbow (heavy)
rCold   + + +        (shield currently unavailable)
rNeg    . . .        C - +0 leather armour of the Armadillo {rPois Will+}
rPois   +            o - +2 helmet
rElec   .            p - scarf {rC+ rF+}
rCorr   .            V - +1 pair of gloves "Tider" {Will+ Regen+ Int-4}
SInv    .            h - +0 pair of boots
Will    ++++.        H - amulet of reflection
Stlth   ++           E - ring "Umia" {rF+ rC++ Str-4 Int+6}
HPRegen 1.21/turn    D - +6 ring of dexterity
MPRegen 0.25/turn

%: reflection
@: no status effects
A: no striking features
}: 2/15 runes: serpentine, barnacled
a: Renounce Religion, Purification, Heal Other


You were on level 3 of the Elven Halls.
You worshipped Elyvilon.
Elyvilon was pleased with you.
You visited 8 branches of the dungeon, and saw 37 of its levels.
You also visited: Bailey and Ice Cave.

You collected 5339 gold pieces.
You spent 3908 gold pieces at shops.

Inventory:

Hand Weapons
 a - a +3 heavy longbow (weapon)
 b - the +8 arbalest of Makhleb's Indignation {penet, +Blink Will- Str+3 SInv}
   (You found it on level 3 of the Snake Pit)

   Str+3:     It affects your strength (+3).
   Will-:     It decreases your willpower.
   SInv:      It lets you see invisible.
   +Blink:    It lets you blink.
Armour
 h - a +0 pair of boots (worn)
 o - a +2 helmet (worn)
 p - a scarf of resistance (worn)
 C - the +0 leather armour of the Armadillo (worn) {rPois Will+}
   (You bought it in a shop on level 7 of the Dungeon)

   rPois:     It protects you from poison Will+: It increases your willpower.
 V - the +1 pair of gloves "Tider" (worn) {Will+ Regen+ Int-4}
   (You found it in an ice cave)

   Int-4:     It affects your intelligence (-4).
   Will+:     It increases your willpower.
   Regen+:    It increases your rate of health regeneration.
Jewellery
 w - a ring of willpower
 D - a +6 ring of dexterity (right hand)
 E - the ring "Umia" (left hand) {rF+ rC++ Str-4 Int+6}
   (You bought it in a shop on level 1 of the Shoals)

   [ring of intelligence]

   Str-4:     It affects your strength (-4).
   Int+6:     It affects your intelligence (+6).
   rF+:       It protects you from fire.
   rC++:      It greatly protects you from cold.
 F - a ring of protection from fire
 H - an amulet of reflection (around neck)
 K - a ring of resist corrosion
 L - a ring of flight
 P - a ring of poison resistance
Wands
 c - a wand of charming (25)
 k - a wand of digging (4)
 m - a wand of mindburst (16)
 v - a wand of flame (74)
 J - a wand of light (8)
 O - a wand of polymorph (5)
Scrolls
 e - 24 scrolls of identify
 f - 2 scrolls of poison
 i - 6 scrolls of vulnerability
 j - 4 scrolls of blinking
 n - 11 scrolls of fog
 y - 6 scrolls of noise
 z - 10 scrolls of teleportation
 A - 3 scrolls of enchant armour
 B - 5 scrolls of revelation
 G - 3 scrolls of fear
 R - 2 scrolls of immolation
 U - 4 scrolls of amnesia
 X - a scroll of brand weapon
Potions
 d - 9 potions of might
 g - 2 potions of attraction
 q - 3 potions of brilliance
 r - 4 potions of mutation
 s - 2 potions of magic
 t - 3 potions of heal wounds
 u - 15 potions of curing
 x - 9 potions of enlightenment
 I - 2 potions of resistance
 M - a potion of invisibility
 N - 2 potions of berserk rage
 Q - 2 potions of cancellation
 S - 4 potions of haste
 T - 2 potions of ambrosia
Miscellaneous
 l - a lightning rod (1/4)


   Skills:
 + Level 14.3 Fighting
 - Level 4.4 Short Blades
 O Level 27 Ranged Weapons
 - Level 5.0 Armour
 - Level 15.0 Dodging
 - Level 5.0 Spellcasting
 - Level 10.0 Hexes
 - Level 7.0 Summonings
 - Level 5.0 Translocations
 - Level 10.0 Ice Magic
 - Level 7.0 Air Magic
 - Level 20.0 Invocations
 - Level 4.0 Evocations


You had 6 spell levels left.
You knew the following spells:

 Your Spells              Type           Power      Damage    Failure   Level
a - Apportation           Tloc           52%        N/A       2%          1
b - Blink                 Tloc           52%        N/A       3%          2
d - Dimensional Bullseye  Hex/Tloc       18%        N/A       9%          4
e - Metabolic Englaciati  Hex/Ice        23%        N/A       9%          5
f - Cause Fear            Hex            23%        N/A       3%          4
l - Summon Lightning Spi  Summ/Air       34%        N/A       10%         4
o - Ozocubu's Armour      Ice            47%        N/A       1%          3

Your spell library contained the following spells:

 Spells                   Type           Power      Damage    Failure   Level
 Freeze                   Ice            100%       1d10      1%          1
 Summon Small Mammal      Summ           100%       N/A       1%          1
 Call Imp                 Summ           68%        N/A       1%          2
 Ensorcelled Hibernation  Hex/Ice        94%        N/A       1%          2
 Frozen Ramparts          Ice            94%        1d15      1%          3
 Sigil of Binding         Hex            47%        N/A       1%          3
 Summon Ice Beast         Ice/Summ       41%        N/A       1%          3
 Lesser Beckoning         Tloc           52%        N/A       3%          2
 Call Canine Familiar     Summ           34%        N/A       3%          3
 Mercury Vapours          Alch/Air       40%        N/A       6%          2
 Gell's Gravitas          Tloc           26%        N/A       7%          3
 Hailstorm                Conj/Ice       26%        3d7       7%          3
 Teleport Other           Tloc           26%        N/A       7%          3
 Magic Dart               Conj           20%        1d4       19%         1
 Necrotise                Necr           20%        1d5       19%         1
 Sandblast                Erth           10%        2d5       19%         1
 Sting                    Conj/Alch      20%        1d4       19%         1
 Anguish                  Hex/Necr       13%        N/A       22%         4
 Manifold Assault         Tloc           26%        N/A       22%         4
 Sublimation of Blood     Necr           5%         N/A       26%         2
 Freezing Cloud           Conj/Ice/Air   14%        6-21      43%         5
 Fugue of the Fallen      Necr           5%         N/A       47%         3
 Passwall                 Erth           5%         N/A       47%         3
 Stone Arrow              Conj/Erth      10%        3d7       47%         3
 Animate Dead             Necr           5%         N/A       87%         4
 Brom's Barrelling Bould  Conj/Erth      5%         2d3       87%         4
 Leda's Liquefaction      Alch/Erth      2%         N/A       87%         4
 Olgreb's Toxic Radiance  Alch           5%         N/A       87%         4
 Petrify                  Alch/Erth      5%         N/A       87%         4
 Sculpt Simulacrum        Ice/Alch       13%        N/A       98%         6
 Alistair's Intoxication  Alch           3%         N/A       99%         5
 Borgnjor's Vile Clutch   Necr/Erth      2%         N/A       99%         5
 Curse of Agony           Necr           5%         N/A       99%         5
 Fireball                 Conj/Fire      2%         3d4       99%         5
 Irradiate                Conj/Alch      2%         3d12      99%         5
 Iskenderun's Battlesphe  Conj           5%         2d6       99%         5
 Conjure Ball Lightning   Conj/Air       10%        3x3d6     100%        6
 Eringya's Noxious Bog    Alch           2%         4d6       100%        6
 Plasma Beam              Fire/Air       10%        2x1d21    100%        6
 Haunt                    Necr/Summ      10%        N/A       100%        7
 Orb of Destruction       Conj           2%         9d5       100%        7
 Summon Hydra             Summ           17%        N/A       100%        7
 Borgnjor's Revivificati  Necr           2%         N/A       100%        8
 Discord                  Hex            23%        N/A       100%        8
 Disjunction              Tloc           13%        N/A       100%        8
 Infestation              Necr           2%         N/A       100%        8
 Death's Door             Necr           2%         N/A       100%        9
 Dragon's Call            Summ           17%        N/A       100%        9


Dungeon Overview and Level Annotations

Branches:
Dungeon (15/15)            Temple (1/1) D:6            Lair (5/5) D:10
 Shoals (4/4) Lair:3        Snake (4/4) Lair:3        Slime (0/5) Lair:5
    Orc (2/2) D:9             Elf (3/3) Orc:2        Vaults (3/5) D:14
  Crypt (0/3) Vaults:2     Depths (0/4) D:15         Bailey (visited)
  IceCv (visited)

Altars:
Ashenzari
Cheibriados
Dithmenos
Elyvilon
Fedhas
Gozag
Hepliaklqana
Kikubaaqudgha
Makhleb
Nemelex Xobeh
Okawaru
Qazlal
Ru
Sif Muna
Trog
Uskayaw
Vehumet
Wu Jian
Xom
Yredelemnul
Zin
The Shining One
Lugonu

Shops:
D:5 *   D:7 *[   D:8 *   D:11 !   D:13 (   D:15 *   Orc:2 (=([   Elf:2 (
Shoals:1 =[[[   Snake:2 =   Snake:4 *:   Vaults:1 ?[

Portals:
Abyss: D:14

Annotations:
D:2 Robin
D:15 3 runed translucent doors, SafestHooves's ghost, journeyman CeMo
Lair:5 2 runed translucent doors, MrCrawl's ghost, journeyman MiBe
Elf:2 3 runed translucent doors, exclusion: 3 doors


Message History

Your lightning spire shoots out a bolt of lightning at the deep elf death mage!
The bolt of electricity hits the deep elf death mage.
You are too injured to fight recklessly!
A deep elf master archer comes into view.
Your lightning spire shoots out a bolt of lightning at the deep elf death mage!
The bolt of electricity hits the deep elf death mage!
You shoot an arrow.
The arrow hits the deep elf death mage but does no damage.
The deep elf death mage is moderately wounded.
Your lightning spire disappears in a puff of smoke!
The deep elf master archer wields a +0 longbow.
The deep elf master archer shoots an arrow.
The arrow completely misses you.
The deep elf master archer shoots an arrow.
The arrow hits you!!
You are too injured to fight recklessly!
Fire: a) +3 longbow (heavy)
Press: ? - help, Q - select action, (/) - cycle Shift-Dir - straight line, f/p - deep elf death mage
Aim: a deep elf death mage, wielding a +0 long sword and wearing a +0 scale mail (moderately wounded, 75% to hit)
You shoot an arrow.
The arrow hits the deep elf death mage!!!
The deep elf death mage is severely wounded.
The deep elf death mage gestures at you while chanting.
The bolt of negative energy misses you.
The deep elf master archer shoots an arrow.
The arrow hits you!!
* * * LOW HITPOINT WARNING * * *
The deep elf master archer shoots an arrow.
The arrow hits you!! Elyvilon protects you from harm!
Okay, then.
Press: ? - help, Dir - move target, f/p - deep elf death mage Heal: a deep elf death mage, wielding a +0 long sword and wearing a +0 scale mail (severely wounded, chance to pacify: 60%)
The deep elf death mage turns neutral.
You heal the deep elf death mage.
The deep elf death mage is moderately wounded.
The deep elf master archer shoots an arrow.
The arrow misses you.
The deep elf master archer shoots an arrow.
The arrow hits you!!
You die...

.....#...<.## #...#..############
............###..,#..##..........
...).........##...#..#...........
..............#......'......<....
..)...........#......'...........
..............'...#..#........[..
..............#......##..........
...!...#..#######################
..........).....@)..).........###
.............#..)...8..8..8......
.......#.....#.....))))..........
.......#......##...####e####....#
.....#.#.#..)....###.......###...
.......#.#)....###...8...8...###.
.......#..##..##...............##
.......#...#.##,..^###....##....#
.......#..!..#,,.#**,###...*#....


You could see a deep elf master archer.

Vanquished Creatures
  A lich (IceCv)
  A deep elf blademaster (Elf:3)
  A titan (Vaults:2)
  4 sphinxes
  Polyphemus (Shoals:3)
  A kraken (Shoals:1)
  Aizul (Snake:4)
  10 nagarajas (Snake:4)
  7 deep elf sorcerers
  4 deep elf elementalists
  Louise (Shoals:4)
  7 vault wardens
  2 orc warlords
  6 ironbound preservers
  A very ugly thing (IceCv)
  An ironbound thunderhulk (Vaults:3)
  2 deep elf demonologists (Elf:3)
  4 deep elf death magi (Elf:3)
  2 deep elf annihilators (Elf:3)
  Azrael (D:14)
  4 dire elephants
  An ettin (D:15)
  8 merfolk impalers
  6 merfolk javelineers (Shoals:4)
  An entropy weaver (Vaults:1)
  3 hydras
  9 yaktaur captains
  A deep elf high priest (Vaults:3)
  5 great orbs of eyes
  A salamander tyrant (Snake:4)
  3 caustic shrike simulacra (IceCv)
  11 vault guards
  3 boulder beetles
  2 catoblepae (Lair:5)
  An ogre mage (D:15)
  2 ironbound frosthearts
  11 anacondas
  2 merfolk aquamancers (Shoals:4)
  24 dancing weapons
  3 merfolk avatars
  A satyr (Shoals:4)
  13 centaur warriors
  10 death yaks
  3 tengu warriors
  3 two-headed ogres
  20 naga warriors
  3 shock serpents
  A hell knight (D:15)
  10 naga sharpshooters
  Nergalle (Lair:3)
  3 orc high priests (Orc:2)
  11 deep elf knights
  3 salamander mystics
  7 skeletal warriors
  Amaemon (Lair:3)
  11 mana vipers
  4 skysharks
  19 deep trolls
  11 sea snakes
  4 naga ritualists
  15 deep elf archers
  2 bog bodies (IceCv)
  A spriggan simulacrum (IceCv)
  5 arcanists
  10 ironbound convokers
  12 lindwurms
  3 necromancers
  23 deep elf zephyrmancers
  26 harpies
  An obsidian statue (IceCv)
  20 deep elf pyromancers
  8 orc knights
  8 orc sorcerers
  4 fauns (Shoals:4)
  3 cyclopes
  17 ugly things
  9 manticores
  10 salamanders
  2 oklob plants (Lair:4)
  3 kobold blastminers
  A meliai (shapeshifter) (Elf:1)
  24 elephants
  8 vault sentinels
  6 merfolk sirens
  18 naga magi
  7 water nymphs
  3 guardian serpents (Snake:4)
  An orange demon (Lair:3)
  17 cane toads
  39 black mambas
  An unseen horror (D:13)
  2 gargoyles (D:14)
  5 rime drakes
  13 freezing wraiths (IceCv)
  2 kobold demonologists (D:12)
  Maggie (D:7)
  An efreet (D:13)
  28 yaktaurs
  Psyche (D:12)
  9 komodo dragons
  2 golden dragon simulacra (IceCv)
  4 anaconda simulacra
  2 ice devils (IceCv)
  31 merfolk
  A queen bee (shapeshifter) (D:14)
  3 trolls
  2 polar bears (Lair:4)
  2 alligator simulacra (IceCv)
  20 blink frogs
  7 snapping turtles
  13 dream sheep
  5 wind drakes
  A centaur simulacrum (D:14)
  29 slime creatures
  Sigmund (D:5)
  A jumping spider (Vaults:1)
  2 wraiths
  2 air elementals (Elf:1)
  A spriggan (shapeshifter) (D:13)
  12 water elementals
  6 dire elephant simulacra
  2 vampires
  10 wyverns
  38 yaks
  6 basilisks
  3 fire elementals (D:14)
  3 minotaur simulacra
  A redback (Vaults:1)
  A steam dragon (D:8)
  6 vampire mosquitoes
  Grum (Lair:1)
  3 wargs
  Menkaure (D:5)
  44 nagas
  2 harpy simulacra (IceCv)
  3 acid dragons
  19 water moccasins
  4 hell hounds
  A hydra simulacrum (IceCv)
  Duvessa (D:6)
  An ice beast (D:7)
  3 black bears
  11 boggarts
  20 orc warriors
  8 ogres
  An ettin simulacrum (IceCv)
  36 wolves
  10 centaurs
  2 phantoms (D:5)
  20 bullfrogs
  6 kobold brigands
  Blork the orc (D:5)
  2 earth elementals
  3 gnoll sergeants
  2 scorpions
  4 deep troll simulacra
  A burial acolyte (D:10)
  8 wights
  Dowan (D:6)
  15 killer bees
  8 lindwurm simulacra (IceCv)
  4 howler monkeys
  3 electric eels
  3 bombardier beetles
  24 orc priests
  7 hounds
  A sleepcap (D:8)
  2 iguanas (D:5)
  5 hell rats (Lair:2)
  21 orc wizards
  27 gnolls
  3 adders
  A white imp (D:6)
  2 ufetubi (D:5)
  An adder zombie (D:10)
  3 dart slugs
  A ribbon worm (D:2)
  66 orcs
  11 endoplasms
  2 giant cockroaches (D:2)
  16 goblins
  11 hobgoblins
  8 jackals
  28 kobolds
  7 quokkas
  8 ball pythons
  5 bats
  4 frilled lizards
  2 jackal zombies (D:10)
  5 rats
  A spectral kobold (D:12)
  A lurking horror (D:14)
  2 tentacles (Shoals:1)
1411 creatures vanquished.

Vanquished Creatures (collateral kills)
  A deep elf blademaster (Elf:3)
  Ilsuiw (Shoals:4)
  A deep elf elementalist (Elf:3)
  A merfolk siren (Shoals:4)
4 creatures vanquished.

Vanquished Creatures (others)
  A great orb of eyes (Vaults:1)
  A catoblepas (D:15)
  A two-headed ogre (D:15)
  An anaconda (Snake:4)
  An alligator snapping turtle (Shoals:4)
  3 death yaks (Lair:3)
  3 guardian serpents (Snake:4)
  A water nymph (Shoals:4)
  A freezing wraith (IceCv)
  3 yaks (Lair:5)
  An ogre (D:15)
  An orc (Orc:1)
  17 tentacles (Shoals:1)
35 creatures vanquished.

Grand Total: 1450 creatures vanquished

Notes
Turn   | Place    | Note
-------+----------+-------------------------------------------
     0 | D:1      | Armakuni the Deep Elf Monk began the quest for the Orb.
     0 | D:1      | Reached XP level 1. HP: 13/13 MP: 3/3
   246 | D:1      | Found a faded altar of an unknown god.
   314 | D:1      | Reached XP level 2. HP: 15/18 MP: 4/4
   516 | D:1      | Reached XP level 3. HP: 19/22 MP: 5/5
   883 | D:2      | Identified the +1 leather armour of Tempters {Harm rElec
                  | Regen+ Str-5 Dex-3}
   914 | D:2      | Reached skill level 1 in Ranged Weapons
  1252 | D:2      | Identified the +5 short sword of Zin's Condemnation {venom,
                  | ^Drain *Slow Fly rN+++}
  1491 | D:2      | Reached skill level 2 in Ranged Weapons
  1625 | D:2      | Noticed Robin
  1963 | D:3      | Reached XP level 4. HP: 27/27 MP: 6/6
  2154 | D:3      | Reached skill level 3 in Ranged Weapons
  2412 | D:3      | Reached skill level 4 in Ranged Weapons
  2423 | D:3      | Reached XP level 5. HP: 31/31 MP: 7/7
  2493 | D:3      | Found a hide-covered altar of Uskayaw.
  2497 | D:3      | Noticed a +0 dagger
  2497 | D:3      | Noticed a +0 dagger
  2713 | D:4      | Reached skill level 5 in Ranged Weapons
  3011 | D:4      | Reached skill level 6 in Ranged Weapons
  3122 | D:4      | Reached XP level 6. HP: 27/36 MP: 8/8
  3424 | D:4      | Found a burning altar of Makhleb.
  3651 | D:5      | Entered Level 5 of the Dungeon
  3695 | D:5      | Reached skill level 7 in Ranged Weapons
  3839 | D:5      | Noticed Blork the orc
  3861 | D:5      | Killed Blork the orc
  4064 | D:5      | Reached skill level 8 in Ranged Weapons
  4080 | D:5      | Reached XP level 7. HP: 23/40 MP: 9/9
  4166 | D:5      | Found Ytum's Assorted Antiques.
  4181 | D:5      | Bought a runed hat for 175 gold pieces
  4204 | D:5      | Bought a runed onyx ring for 125 gold pieces
  4248 | D:5      | Reached skill level 9 in Ranged Weapons
  4456 | D:5      | Noticed Menkaure
  4463 | D:5      | Killed Menkaure
  4648 | D:5      | Found a blossoming altar of Fedhas.
  4662 | D:5      | Noticed Sigmund
  4682 | D:5      | Killed Sigmund
  4683 | D:5      | Reached skill level 10 in Ranged Weapons
  4683 | D:5      | Reached XP level 8. HP: 37/45 MP: 10/10
  4759 | D:5      | Reached skill level 11 in Ranged Weapons
  5047 | D:6      | Reached skill level 12 in Ranged Weapons
  5157 | D:6      | Noticed Duvessa
  5157 | D:6      | Noticed Dowan
  5335 | D:6      | Found a staircase to the Ecumenical Temple.
  5344 | Temple   | Entered the Ecumenical Temple
  5408 | D:6      | Found an iron altar of Okawaru.
  5419 | D:6      | Killed Duvessa
  5693 | D:6      | Killed Dowan
  5740 | D:6      | Reached skill level 13 in Ranged Weapons
  5856 | D:6      | Found a shimmering blue altar of Sif Muna.
  6105 | D:6      | Reached XP level 9. HP: 33/49 MP: 11/11
  6349 | D:7      | Reached skill level 14 in Ranged Weapons
  6377 | D:7      | Found Evawnutaf's Antique Armour Shoppe.
  6441 | D:7      | Noticed Maggie
  6457 | D:7      | Killed Maggie
  6669 | D:7      | Found a sacrificial altar of Ru.
  6859 | D:7      | Found an opulent altar of Gozag.
  6916 | D:7      | Found Veob's General Store.
  6933 | D:7      | Reached skill level 5 in Dodging
  7331 | D:8      | Found a flagged portal.
  7394 | D:8      | Reached skill level 5 in Fighting
  7415 | Bailey   | Entered a bailey
  7642 | Bailey   | Found the +6 lightning scales {swift, rElec}
  7983 | D:8      | Reached XP level 10. HP: 56/60 MP: 12/12
  8255 | D:8      | Found a basalt altar of Yredelemnul.
  8330 | D:8      | Found Luuwn's Serpentskin Sales.
  8394 | D:7      | Bought a warped cloak for 266 gold pieces
  8394 | D:7      | Identified the +0 cloak of Vaemuch {rCorr} (You bought it
                  | in a shop on level 7 of the Dungeon)
  8432 | D:9      | Found a staircase to the Orcish Mines.
  8453 | Orc:1    | Entered Level 1 of the Orcish Mines
  8467 | Orc:1    | Noticed an orc sorcerer
  9534 | D:7      | Bought a slimy leather armour for 196 gold pieces
  9534 | D:7      | Identified the +0 leather armour of the Armadillo {rPois
                  | Will+} (You bought it in a shop on level 7 of the Dungeon)
  9971 | D:10     | Entered Level 10 of the Dungeon
 10251 | D:10     | Noticed a two-headed ogre
 10272 | D:10     | Killed a two-headed ogre
 10464 | D:10     | Reached XP level 11. HP: 29/69 MP: 13/13
 10924 | D:10     | Found an ornate altar of the Wu Jian Council.
 11009 | D:10     | Found an ancient bone altar of Kikubaaqudgha.
 11169 | D:10     | Found a staircase to the Lair.
 11447 | D:10     | Found a white marble altar of Elyvilon.
 11447 | D:10     | Found a glowing golden altar of the Shining One.
 11473 | D:10     | Became a worshipper of Elyvilon the Healer
 11473 | D:10     | Reached * piety under Elyvilon
 11473 | D:10     | Reached ** piety under Elyvilon
 11479 | D:10     | Found a snail-covered altar of Cheibriados.
 11621 | D:10     | Reached skill level 1 in Invocations
 11742 | Lair:1   | Entered Level 1 of the Lair of Beasts
 11971 | D:11     | Found Gigguf's Distillery.
 11976 | D:11     | Bought a potion of heal wounds for 70 gold pieces
 12021 | D:11     | Noticed a two-headed ogre
 12029 | D:11     | Killed a two-headed ogre
 12245 | D:11     | Reached skill level 5 in Invocations
 12699 | D:11     | Bought a potion of haste for 140 gold pieces
 12725 | D:11     | Reached skill level 15 in Ranged Weapons
 12849 | D:11     | Reached skill level 16 in Ranged Weapons
 13325 | D:12     | Reached *** piety under Elyvilon
 13468 | D:12     | Noticed a boulder beetle
 13506 | D:12     | Noticed Psyche
 13508 | D:12     | Killed Psyche
 13537 | D:12     | Reached XP level 12. HP: 76/76 MP: 18/18
 13551 | D:12     | Reached skill level 17 in Ranged Weapons
 13796 | D:12     | Found a hazy altar of Hepliaklqana.
 14145 | D:13     | Noticed a centaur warrior
 14148 | D:13     | Killed a centaur warrior
 14244 | D:13     | Found Zint's Antique Weapon Shoppe.
 14314 | D:13     | Noticed a centaur warrior
 14317 | D:13     | Killed a centaur warrior
 14318 | D:13     | Reached skill level 18 in Ranged Weapons
 14459 | D:13     | Noticed a tengu warrior
 14459 | D:13     | Noticed a tengu warrior
 14472 | D:13     | Killed a tengu warrior
 14474 | D:13     | Killed a tengu warrior
 14740 | D:13     | Reached **** piety under Elyvilon
 15009 | D:14     | Noticed a boulder beetle
 15083 | D:14     | Noticed Azrael
 15178 | D:14     | Reached skill level 19 in Ranged Weapons
 15198 | D:14     | Killed Azrael
 15350 | D:14     | Reached skill level 20 in Ranged Weapons
 15554 | D:14     | Found a gate to the Vaults.
 15554 | D:14     | Noticed a vault guard
 15554 | D:14     | Noticed a vault guard
 15554 | D:14     | Noticed a vault guard
 15554 | D:14     | Noticed a vault guard
 15555 | D:14     | Noticed a vault guard
 15555 | D:14     | Noticed a vault guard
 15555 | D:14     | Noticed a vault guard
 15555 | D:14     | Noticed a vault guard
 15559 | D:14     | Killed a vault guard
 15559 | D:14     | Killed a vault guard
 15559 | D:14     | Killed a vault guard
 15559 | D:14     | Killed a vault guard
 15559 | D:14     | Killed a vault guard
 15559 | D:14     | Killed a vault guard
 15559 | D:14     | Killed a vault guard
 15559 | D:14     | Killed a vault guard
 15560 | D:14     | Reached XP level 13. HP: 79/80 MP: 19/22
 15612 | D:14     | Reached skill level 10 in Invocations
 15899 | D:14     | Found a one-way gate to the infinite horrors of the Abyss.
 15900 | D:14     | Found a corrupted altar of Lugonu.
 16105 | D:15     | Entered Level 15 of the Dungeon
 16564 | Lair:1   | Noticed Grum
 16567 | Lair:1   | Killed Grum
 16802 | Lair:1   | Learned a level 1 spell: Apportation
 16807 | Lair:1   | Learned a level 4 spell: Cause Fear
 16819 | Lair:1   | Noticed a dire elephant
 16839 | Lair:1   | Found a runed translucent door.
 17450 | Lair:1   | Killed a dire elephant
 17628 | Lair:1   | Identified the +0 ring mail of Kikubaaqudgha's Hope {rCorr
                  | Stlth+}
 18032 | Lair:2   | Reached XP level 14. HP: 81/86 MP: 26/26
 18221 | Lair:2   | Reached skill level 15 in Invocations
 18226 | Lair:2   | Reached skill level 1 in Spellcasting
 18226 | Lair:2   | Reached skill level 1 in Hexes
 18998 | Lair:3   | Reached skill level 5 in Hexes
 19035 | Lair:3   | Reached ***** piety under Elyvilon
 19213 | Lair:3   | Noticed Amaemon
 19216 | Lair:3   | Killed Amaemon
 19223 | Lair:3   | Noticed Nergalle
 19232 | Lair:3   | Killed Nergalle
 19235 | Lair:3   | Found a white marble altar of Elyvilon.
 19347 | Lair:3   | Learned a level 3 spell: Frozen Ramparts
 19376 | Lair:3   | Found a staircase to the Shoals.
 19491 | Lair:3   | Reached skill level 1 in Ice Magic
 19782 | Lair:3   | Found a staircase to the Snake Pit.
 20034 | Lair:4   | Reached skill level 5 in Spellcasting
 20203 | Lair:4   | Learned a level 5 spell: Metabolic Englaciation
 20330 | Lair:4   | Reached skill level 5 in Ice Magic
 20677 | Lair:4   | Found a blossoming altar of Fedhas.
 20945 | Lair:5   | Entered Level 5 of the Lair of Beasts
 21160 | Lair:5   | Reached XP level 15. HP: 90/90 MP: 28/28
 21550 | Lair:5   | Learned a level 2 spell: Blink
 21563 | Lair:5   | Found a large runed translucent door.
 21564 | Lair:5   | Found a large runed translucent door.
 21587 | Lair:5   | Found a staircase to the Slime Pits.
 21689 | Lair:5   | Reached skill level 10 in Ice Magic
 21760 | Lair:5   | Reached skill level 10 in Hexes
 21961 | Lair:5   | Identified the amulet of Xokkirue {Spirit rF+++ Str-5 Int+5
                  | Dex-5}
 22159 | Lair:5   | Noticed MrCrawl's ghost (journeyman MiBe)
 22328 | Lair:5   | Reached ****** piety under Elyvilon
 22714 | Shoals:1 | Entered Level 1 of the Shoals
 22746 | Shoals:1 | Found Vigixzil's Antique Armour Shoppe.
 22791 | Shoals:1 | Found Zybbiaba's Antique Armour Boutique.
 22799 | Shoals:1 | Bought a spiked leather armour for 196 gold pieces
 22799 | Shoals:1 | Identified the +1 leather armour of Gehie {rPois rN+} (You
                  | bought it in a shop on level 1 of the Shoals)
 23185 | Orc:1    | Reached skill level 21 in Ranged Weapons
 23418 | Orc:2    | Entered Level 2 of the Orcish Mines
 23509 | Orc:2    | Found a staircase to the Elven Halls.
 24035 | Orc:2    | Found Amnabb's Antique Armour Shoppe.
 24171 | Orc:2    | Found Ytow Susm's Antique Weapon Shoppe.
 24172 | Orc:2    | Found Qoofyvid's Antique Weapon Shop.
 24172 | Orc:2    | Found Awom's Jewellery Shop.
 24268 | Orc:2    | Bought a pair of glowing boots for 240 gold pieces
 24301 | Orc:2    | Bought a +6 ring of dexterity for 504 gold pieces
 24626 | D:15     | Reached skill level 22 in Ranged Weapons
 24635 | D:15     | Found a staircase to the Depths.
 25175 | D:15     | Found a runed translucent gate.
 25176 | D:15     | Found a runed translucent gate.
 25176 | D:15     | Found a runed translucent gate.
 25184 | D:15     | Found an opulent altar of Gozag.
 25185 | D:15     | Found Yke Okat's Assorted Antiques.
 25185 | D:15     | Noticed SafestHooves's ghost (journeyman CeMo)
 25185 | D:15     | Noticed a storm dragon
 25399 | D:15     | Found a stormy altar of Qazlal.
 25918 | Shoals:1 | Noticed a kraken
 25951 | Shoals:1 | Killed a kraken
 25952 | Shoals:1 | Reached skill level 23 in Ranged Weapons
 26040 | Shoals:1 | Found Weag's Armour Shop.
 26052 | Shoals:1 | Reached XP level 16. HP: 96/96 MP: 29/29
 26052 | Shoals:1 | Found Xoomn's Jewellery Boutique.
 26092 | Shoals:1 | Bought the ring "Umia" {rF+ rC++ Str-4 Int+6} for 768 gold
                  | pieces
 26954 | Shoals:2 | Learned a level 4 spell: Dimensional Bullseye
 27024 | Shoals:2 | Reached skill level 1 in Translocations
 27480 | Shoals:2 | Reached skill level 5 in Translocations
 28035 | Shoals:2 | Reached skill level 24 in Ranged Weapons
 29039 | Shoals:4 | Entered Level 4 of the Shoals
 29039 | Shoals:4 | Noticed Polyphemus
 29073 | Shoals:4 | Reached skill level 25 in Ranged Weapons
 29175 | Shoals:3 | Killed Polyphemus
 29292 | Shoals:4 | Identified a scroll of acquirement
 29293 | Shoals:4 | Acquired 1108 gold pieces
 29345 | Shoals:4 | Noticed Louise
 29358 | Shoals:4 | Killed Louise
 29471 | Shoals:4 | Identified the +0 cloak "Cowneori" {Rampage rPois Will-
                  | Regen+}
 29596 | Shoals:4 | Noticed Ilsuiw
 29605 | Shoals:4 | Killed Ilsuiw
 29721 | Shoals:4 | Reached skill level 26 in Ranged Weapons
 30066 | Shoals:4 | Reached XP level 17. HP: 93/100 MP: 30/30
 30333 | Shoals:4 | Got a barnacled rune of Zot
 30739 | Shoals:4 | Got Xumn's Incunabulum of Indurated Despair
 30811 | Shoals:4 | Reached skill level 27 in Ranged Weapons
 30931 | Snake:1  | Entered Level 1 of the Snake Pit
 31074 | Snake:1  | Reached skill level 1 in Armour
 32309 | Snake:2  | Found Buuv's Jewellery Shoppe.
 32934 | Snake:3  | Noticed Donald
 33067 | Snake:3  | Found a glacial archway.
 33116 | Snake:2  | Reached skill level 5 in Armour
 33383 | Snake:3  | Pacified Donald
 33441 | IceCv    | Entered an ice cave
 33646 | IceCv    | Identified the +1 pair of gloves "Tider" {Will+ Regen+
                  | Int-4}
 33685 | IceCv    | Found an ancient bone altar of Kikubaaqudgha.
 33824 | IceCv    | Noticed a lich
 33838 | IceCv    | Killed a lich
 33839 | IceCv    | Reached XP level 18. HP: 92/105 MP: 32/32
 33892 | IceCv    | Got the Reference Book on Unholy Algor
 34452 | Snake:3  | Identified the +8 arbalest of Makhleb's Indignation {penet,
                  | +Blink Will- Str+3 SInv}
 34685 | Snake:4  | Entered Level 4 of the Snake Pit
 34922 | Snake:4  | Found Zottaff's Book Boutique.
 35239 | Snake:4  | Found Vastrohu's Neck Hole.
 35247 | Snake:4  | Bought a scarf of resistance for 576 gold pieces
 35322 | Snake:4  | Identified the serpent talisman "Xuqohiobb" {rElec rN+}
 35322 | Snake:4  | Noticed Aizul
 35326 | Snake:4  | Killed Aizul
 35446 | Snake:4  | Reached skill level 10 in Dodging
 36149 | Snake:4  | Got a serpentine rune of Zot
 36429 | Elf:1    | Entered Level 1 of the Elven Halls
 36461 | Elf:1    | Found a radiant altar of Vehumet.
 36703 | Vaults:1 | Entered Level 1 of the Vaults
 36964 | Vaults:1 | Reached XP level 19. HP: 109/110 MP: 35/35
 37029 | Vaults:1 | Elyvilon protects you from harm!
 37224 | Vaults:1 | Found Otwuos Doki's Magic Scroll Shop.
 37230 | Vaults:1 | Bought a scroll of blinking for 120 gold pieces
 37230 | Vaults:1 | Bought a scroll of teleportation for 48 gold pieces
 37230 | Vaults:1 | Bought a scroll of revelation for 120 gold pieces
 37237 | Vaults:1 | Found Siefun's Armour Emporium.
 37390 | Vaults:1 | Reached skill level 15 in Dodging
 37576 | Vaults:1 | Reached skill level 10 in Fighting
 37653 | Vaults:1 | Identified the +1 leather armour of the Forgotten Wars
                  | {+Inv Int+4 SInv}
 38102 | Vaults:2 | Found a staircase to the Crypt.
 38102 | Vaults:2 | Found a basalt altar of Yredelemnul.
 38103 | Vaults:2 | Found an ancient bone altar of Kikubaaqudgha.
 39277 | Vaults:2 | Learned a level 3 spell: Ozocubu's Armour
 40032 | Vaults:3 | Reached XP level 20. HP: 118/124 MP: 36/36
 40490 | Snake:4  | Bought the Reference Book on Cloudy Conjury for 364 gold
                  | pieces
 40495 | Snake:4  | Learned a level 4 spell: Summon Lightning Spire
 40950 | Elf:1    | Reached skill level 1 in Summonings
 41019 | Elf:1    | Reached skill level 1 in Air Magic
 41204 | Elf:1    | Paralysed by an air elemental for 1 turns
 41207 | Elf:1    | Paralysed by an air elemental for 1 turns
 41893 | Elf:2    | Found Nueqac's Antique Weapon Shop.
 42008 | Elf:2    | Reached skill level 5 in Summonings
 42074 | Elf:2    | Reached skill level 5 in Air Magic
 42641 | Elf:2    | Found a runed translucent gate.
 42642 | Elf:2    | Found a runed translucent gate.
 42642 | Elf:2    | Found a runed translucent gate.
 42892 | Elf:3    | Entered Level 3 of the Elven Halls
 44101 | Elf:3    | Elyvilon protects you from harm!
 44102 | Elf:3    | Shot with an arrow by a deep elf master archer

Illustrated notes

Levels and vault maps discovered:
D:1:      dpeg_arrival_simpleton_b, layout_rooms,
          dreamdust_ecumenical_altar_statues
D:2:      minmay_alternating_diamond, layout_basic, uniq_robin
D:3:      layout_rooms, dancing_weapons_uskayaw, nrook_loot_triangle
D:4:      wad_woods_settlement, layout_basic, lemuel_crystal_altar
D:5:      layout_cave_pods, lemuel_doored_altar, serial_shops, shop,
          uniq_blork_the_orc, uniq_sigmund, uniq_menkaure
D:6:      layout_loops_ring, tgw_sif, lemuel_round_altar,
          minmay_temple_entry_poolview, uniq_duvessa
D:7:      layout_cave_pools, nicolae_ru_awakened_eye, grunt_gozag_breadcrumbs,
          serial_shops, shop, kennysheep_small_square, uniq_maggie
D:8:      layout_rooms, general_overflow_altar, enter_bailey_5,
          grunt_decor_one_mirror, serial_library_regret_index_split_case,
          guppyfry_shop_venom
D:9:      layout_rooms, minmay_orc_entry_temple_small,
          hangedman_decor_clover_reticule
D:10:     kennysheep_ambush_hall, layout_cave_pods,
          lemuel_zombie_altar_kikubaaqudgha, grunt_temple_overflow_diamond,
          nzn_wu_jian_council_hall, david_lair_shrubbed
D:11:     layout_cave_pools, serial_shops, shop
D:12:     layout_roguey, serial_library_hellmonk_big_corner,
          nicolae_hepliaklqana_monster_ancestors, uniq_psyche
D:13:     layout_cave_pods, serial_shops, shop, minmay_misc_feat_roman
D:14:     layout_long_grid, erik_vaults_2, serial_park_tiny_1,
          amcnicky_altar_lugonu_corruption, uniq_azrael
D:15:     hangedman_depths_entry_civil_slaughter, layout_loops_corners,
          ebering_ghost_gozag, nicolae_qazlal_style_of_elements
Temple:   chequers_temple_sunken
Lair:1:   gammafunk_lair_enchanted_lake, layout_misc_corridors, st_stairs_7,
          lemuel_fruit_tree, uniq_grum
Lair:2:   layout_regular_city, beast_lair_carwin_5, serial_bayou_shore_a,
          grunt_megastairs_3
Lair:3:   layout_regular_city, minmay_shoals_entry_centaurs,
          nicolae_snake_entry_squirm, basic_altar,
          chequers_serial_rivers_large_a, uniq_amaemon, uniq_nergalle
Lair:4:   layout_cave_pods, tgw_fedhas
Lair:5:   evilmike_catoblepas_cave, layout_layer_cave, slime_entry_1,
          ebering_ghost_disaster_area, grunt_megastairs_4
Shoals:1: layout_shoals, serial_shops, nicolae_shop_back_alley_shop,
          nicolae_shop_tiny_waterfront, nicolae_shop_peninsula,
          nicolae_shop_competitors_out_of_business
Shoals:2: layout_shoals
Shoals:3: cheibrodos_shoals_roost, layout_shoals
Shoals:4: shoals_end_simple, layout_shoals, shoals_ilsuiw_ice, uniq_louise,
          uniq_polyphemus
Snake:1:  layout_grid_maze, hangedman_snake_corridor_split
Snake:2:  layout_grid_shapes, minmay_shop_enchanted_jewellery
Snake:3:  layout_grid_shapes, portal_ice_cave_entry_ice_simulacra, uniq_donald
Snake:4:  grunt_snake_rune_serpentine_throne, layout_cave_town, serial_shops,
          shop, nicolae_shop_sticking_my_neck_out, uniq_aizul
Orc:1:    layout_caves
Orc:2:    st_orc_elflike, layout_caves, minmay_orc_temple_b
Elf:1:    eino_elf_arrival_altar, layout_loops_corners, minivault_28
Elf:2:    nicolae_elf_blades_crystal_corner, layout_geoelf_octagon,
          serial_shops, nicolae_shop_tiny_waterfront, serial_co_window_serial,
          co_window_cross_1, co_window_corner_a, co_window_paths_a,
          co_window_paths_b, co_window_corner_a, co_window_2corner,
          co_window_2corner, co_window_corner_ca, co_window_paths_d,
          co_window_paths_e, glass_columns_c, glass_columns_a, glass_columns_b
Elf:3:    minmay_elf_hall_statues, layout_gridlike
Vaults:1: nicolae_vaults_ring_of_whatevers, ontoclasm_vaults_fault,
          grunt_vaults_swirl, v_rooms_2, nicolae_vaults_little_ls,
          nicolae_vaults_storage_closets_3, nicolae_vaults_border_crossing,
          vaults_standard_mumra_lines, vaults_room_mumra_shop_pool,
          layout_vaults_maze_snakey, serial_shops, shop
Vaults:2: nicolae_vaults_diagonal_hallway_7, nicolae_vaults_puzzle_piece,
          nicolae_vaults_know_your_exits, vaults_dpeg_doors, vaults_dpeg_cross,
          minmay_crypt_entry_necro_gods, nicolae_vaults_trapezoid_lopsided_4,
          v_misc_10, layout_vaults_omnigrid
Vaults:3: hangedman_vaults_cutoff, dpeg_vaults_waves,
          nicolae_vaults_storage_closets_2, nicolae_vaults_variable_pillar_hall,
          serial_library_hellmonk_semicircle, nicolae_vaults_diamond_1,
          nicolae_vaults_trapezoid_2, nicolae_vaults_more_shelving_2,
          layout_vaults_big_room, uniq_margery

Skill      XL: |  1  2  3  4  5  6  7  8  9 10 11 12 13 14 15 16 17 18 19 20 |
---------------+-------------------------------------------------------------+-----
Short Blades   | 4 |  4.4
Ranged Weapons | 2 4 6 8 10 13 14 16 20 23 26 27 | 27.0
Evocations     | 4 |  4.0
Dodging        | 6 9 13 15 | 15.0
Fighting       | 5 8 9 13 14 | 14.3
Invocations    | 5 9 14 15 17 20 | 20.0
Spellcasting   | 5 |  5.0
Hexes          | 9 10 | 10.0
Ice Magic      | 8 10 | 10.0
Translocations | 5 |  5.0
Armour         | 5 |  5.0
Summonings     | 7 |  7.0
Air Magic      | 7 |  7.0

Action                     |  1- 3 |  4- 6 |  7- 9 | 10-12 | 13-15 | 16-18 | 19-21 || total
---------------------------+-------+-------+-------+-------+-------+-------+-------++-------
  Melee: Short sword       |   165 |       |       |       |       |       |       ||   165
         Whip              |     1 |       |       |       |       |       |       ||     1
         Dagger            |       |   121 |   197 |   125 |       |       |       ||   443
         Punch             |       |       |       |     1 |       |       |       ||     1
   Fire: Sling             |    15 |    77 |   164 |       |       |       |       ||   256
         Shortbow          |       |       |   134 |    94 |       |       |       ||   228
         Orcbow            |       |       |       |   278 |       |       |       ||   278
         Longbow           |       |       |       |   173 |   998 |  1087 |   720 ||  2978
         Arbalest          |       |       |       |       |       |    62 |    82 ||   144
  Throw: Throwing net      |       |       |     1 |       |       |       |       ||     1
   Cast: Cause Fear        |       |       |       |       |     1 |     7 |       ||     8
         Metabolic Englaci |       |       |       |       |    17 |    37 |     3 ||    57
         Frozen Ramparts   |       |       |       |       |     9 |     5 |       ||    14
         Apportation       |       |       |       |       |       |     5 |       ||     5
         Blink             |       |       |       |       |       |     5 |     6 ||    11
         Ozocubu's Armour  |       |       |       |       |       |       |     1 ||     1
         Summon Lightning  |       |       |       |       |       |       |    10 ||    10
         Dimensional Bulls |       |       |       |       |       |       |     1 ||     1
 Invoke: Heal Other        |       |       |       |     1 |    13 |    27 |     9 ||    50
         Heal Self         |       |       |       |       |    12 |    31 |    22 ||    65
         Purification      |       |       |       |       |     1 |     8 |       ||     9
  Evoke: Wand              |       |       |    42 |    16 |     2 |     7 |     9 ||    76
         Lightning rod     |       |       |     3 |    21 |     5 |    17 |    10 ||    56
    Use: Scroll            |     6 |     3 |     5 |    11 |     6 |    16 |    13 ||    60
         Potion            |     3 |       |     3 |     5 |       |       |     2 ||    13
   Stab: Invisible         |       |       |     1 |       |       |       |       ||     1
 Armour: Robe              |    75 |    66 |    97 |       |       |       |       ||   238
         Steam dragon scal |       |       |    45 |    70 |   112 |     2 |       ||   229
         Leather armour    |       |       |       |   142 |    86 |   415 |   274 ||   917
         Acid dragon scale |       |       |       |       |     1 |       |       ||     1
  Dodge: Dodged            |   105 |    52 |   185 |   351 |   450 |   539 |   336 ||  2018
  Block: Other             |       |       |       |       |     8 |   102 |    69 ||   179
         Reflection        |       |       |       |       |     2 |    15 |    25 ||    42
